 Dungeon Crawl Stone Soup version 0.30.0-29-ga12c61a403 (webtiles) character file.

Game seed: 11106369240066309115

10 hawla the Firebug (level 2, 0/20 HPs)
             Began as a Meteoran Fire Elementalist on June 16, 2023.
             Slain by an adder (1 damage)
             ... on level 2 of the Dungeon.
             The game lasted 00:02:15 (266 turns).

hawla the Firebug (Meteoran Fire Elementalist)       Turns: 266, Time: 00:02:17

Health: 0/20       AC:  2    Str:  9    XL:     2   Next: 47%
Magic:  6/6        EV: 12    Int: 16    God:
Gold:   59         SH:  0    Dex: 14    Spells: 3/6 levels left

rFire   . . .        (no weapon)
rCold   . . .        (no shield)
rNeg    . . .        a - +0 robe
rPois   .            (no helmet)
rElec   .            (no cloak)
rCorr   .            (no gloves)
SInv    .            (no boots)
Will    .....        (no amulet)
Stlth   +            (no ring)
HPRegen 0.23/turn    (no ring)
MPRegen 0.10/turn

%: no passive effects
@: brilliant, glowing
A: sense surroundings 1, otherworldly, glowing, explore regen
a: no special abilities


You were on level 2 of the Dungeon.
You visited 1 branch of the dungeon, and saw 2 of its levels.

You collected 59 gold pieces.

Inventory:

Armour
 a - a +0 robe (worn)
Scrolls
 c - a scroll of amnesia {unknown}


   Skills:
 + Level 2.5 Dodging
 - Level 1.4 Stealth
 + Level 2.9 Spellcasting
 + Level 1.6 Conjurations
 + Level 4.0 Fire Magic


You had 3 spell levels left.
You knew the following spells:

 Your Spells              Type           Power      Damage    Failure   Level
a - Foxfire               Conj/Fire      68%        2x1d7     6%          1
b - Scorch                Fire           46%        2d6       5%          2

Your spell library contained the following spells:

 Spells                   Type           Power      Damage    Failure   Level
 Inner Flame              Hex/Fire       13%        N/A       24%         3
 Volatile Blastmotes      Fire/Tloc      26%        2d12      24%         3
 Flame Wave               Conj/Fire      17%        2d7       50%         4


Dungeon Overview and Level Annotations

Branches:
Dungeon (2/15) Zot: 933

Altars:


Innate Abilities, Weirdness & Mutations

You passively map a small area around you.
You are easily found by Zot.
You glow in the dark.
You regain HP and MP as you explore.


Message History

The adder poisons you! The hobgoblin hits you.
Unknown command.
You barely miss the hobgoblin.
The hobgoblin is heavily wounded.
You feel sick.
The foxfire hits the hobgoblin.
The hobgoblin is almost dead.
The adder closely misses you. The jackal misses you.
A jackal comes into view.
The hobgoblin barely misses you.
You closely miss the hobgoblin.
The hobgoblin is almost dead.
You feel sick.
The jackal barks!
The adder bites you. The jackal bites you. The hobgoblin hits you.
Unknown command.
It was a potion of brilliance.
You feel clever all of a sudden.
You feel sick. The adder bites you. The jackal bites you.
* * * LOW HITPOINT WARNING * * *
The adder barely misses you.
The jackal bites you but does no damage.
The hobgoblin hits you but does no damage.
Casting: Foxfire (safe; 6% risk of failure)
Confirm with . or Enter, or press ? or * to list all spells.
You feel a surge of power!
Flames lash the jackal.
You kill the jackal!
You feel sick. The adder barely misses you. The jackal bites you.
* * * LOW HITPOINT WARNING * * *
The hobgoblin hits you but does no damage.
Casting: Scorch (safe; 5% risk of failure)
Confirm with . or Enter, or press ? or * to list all spells.
You feel a surge of power!
Flames lash the jackal.
You kill the jackal!
You feel sick.
You are no longer poisoned.
The adder bites you but does no damage. The hobgoblin hits you.
* * * LOW HITPOINT WARNING * * *
Okay, then.
Magic courses through your body. The adder bites you.
You die...

* , ##..#
#..... * ####*
#..## #..... ,
... #.## #.....
***#.######.###
######
#..........#
#†.#####.#.#
##.# * ..#.#
#.###..## #
#@g....# *
##S.#..#* *
*.....#
*#.#...# *
>###.# *.. # *
### , *


You could see an adder and a hobgoblin.

Vanquished Creatures
  An endoplasm (D:2)
  2 jackals (D:2)
  A quokka (D:2)
  2 bats (D:2)
  A frilled lizard (D:2)
  2 kobolds (D:2)
  2 rats (D:2)
11 creatures vanquished.

Vanquished Creatures (others)
  23 foxfires (D:2)
23 creatures vanquished.

Grand Total: 34 creatures vanquished

Notes
Turn   | Place    | Note
-------+----------+-------------------------------------------
     0 | D:1      | hawla the Meteoran Fire Elementalist began the quest for
                  | the Orb.
     0 | D:1      | Reached XP level 1. HP: 14/14 MP: 5/5
     1 | D:1      | Noticed a merfolk
     3 | D:1      | Noticed an octopode
     3 | D:1      | Noticed a human
     5 | D:1      | Noticed a tengu
     6 | D:1      | Noticed a dwarf
     7 | D:1      | Noticed a vampire
     8 | D:1      | Noticed a barachi
     9 | D:1      | Noticed an elf
    11 | D:1      | Noticed an elf
    13 | D:1      | Noticed a barachi
    15 | D:1      | Noticed an octopode
    15 | D:1      | Noticed a demonspawn
    15 | D:1      | Noticed a spriggan
    17 | D:1      | Noticed a troll
    17 | D:1      | Noticed a draconian
    19 | D:1      | Noticed a draconian
    19 | D:1      | Noticed a ghoul
    21 | D:1      | Noticed a demonspawn
   144 | D:2      | Reached XP level 2. HP: 16/20 MP: 3/6
   148 | D:2      | Learned a level 2 spell: Scorch
   235 | D:2      | Reached skill level 4 in Fire Magic
   265 | D:2      | HP: 1/20 [hobgoblin (1)]
   266 | D:2      | Slain by an adder

Illustrated notes

Levels and vault maps discovered:
D:1:      shiori_arrival_whats_in_store_for_you, layout_rooms, serial_shops,
          nicolae_book_shop_shelving, serial_co_window_serial,
          co_window_corner_a, co_window_paths_b, co_window_of_opportunity_a,
          co_window_paths_b, co_window_of_opportunity_a,
          co_window_of_opportunity_a, co_window_corner_a, co_window_corner_ca,
          co_window_of_opportunity_c, co_window_corner_b,
          co_window_of_opportunity_b, co_window_broadway_c,
          co_window_unsneaky_path_b, glass_columns_b, glass_columns_a,
          glass_columns_a, glass_columns_c, shapermc_ecumenical_altar_acropolis
D:2:      layout_basic, chequers_serial_rivers_small_b, minmay_liquid_box,
          uniq_crazy_yiuf_cottage

Skill      XL: |  1  2 |
---------------+-------+-----
Fire Magic     | 4 |  4.0
Dodging        | |  2.5
Stealth        | |  1.4
Spellcasting   | |  2.9
Conjurations   | |  1.6

Action                     || total
---------------------------++-------
  Melee: Unarmed           ||     6
   Cast: Foxfire           ||    17
         Scorch            ||     2
    Use: Scroll            ||     1
         Potion            ||     2
 Armour: Robe              ||     6
  Dodge: Dodged            ||     9
